 Dungeon Sprint DCSS version 0.20-a0-640-g62ed22f (webtiles) character file.

691 esc the Fighter (level 7, -9/45 HPs)
             Began as a Gargoyle Berserker on Feb 12, 2017.
             Was a Priest of Trog.
             Mangled by a neqoxec (10 damage)
             ... in the Dungeon (Sprint II: "The Violet Keep of Menkaure").
             The game lasted 00:00:50 (175 turns).

esc the Fighter (Gargoyle Berserker)                 Turns: 175, Time: 00:00:51

Health: -9/45      AC:  7    Str: 22      XL:     7   Next: 63%
Magic:  6/6        EV: 15    Int:  5 (6)  God:    Trog [***...]
Gold:   243        SH:  0    Dex:  9      Spells: 6/6 levels left

rFire    . . .     SeeInvis .   a - +0 mace
rCold    . . .     Gourm    .   b - +0 animal skin
rNeg     + . .     Faith    .   (no shield)
rPois    ∞         Spirit   .   (no helmet)
rElec    +         Reflect  .   (no cloak)
rCorr    .         Harm     .   (no gloves)
MR       .....     Rnd*Rage +   (no boots) Stlth +.........NoTele +
                                (no amulet)
Regen    0.2/turn               (no ring)
MPRegen  0.1/turn               (no ring)

@: exhausted, slowed, very slow
A: berserk 2, dopey 1, frail 1, low mp 1, negative energy resistance 1,
electricity resistance, unbreathing, petrification resistance, rot immunity,
subdued magic 1, AC +4
a: Berserk, Trog's Hand, Burn Spellbooks, Renounce Religion


You were in the Dungeon.
You worshipped Trog.
Trog was most pleased with you.
You were hungry.

You visited 1 branch You collected 243 gold pieces.

Inventory:

Hand Weapons
 a - a +0 mace (weapon)
Armour
 b - a +0 animal skin (worn)
Scrolls
 i - a scroll of blinking {!r}
Potions
 d - a potion of curing
 e - a potion of heal wounds
 f - a potion of haste
 g - 2 potions of magic
 h - a potion of berserk rage {!q}
Comestibles
 c - a bread ration {@e1}
 j - 6 chunks of flesh {@w0}


   Skills:
 + Level 9.5 Fighting
 + Level 8.7 Maces & Flails
 + Level 9.2 Armour
 + Level 6.9 Dodging


You had 6 spell levels left.
You didn't know any spells.

Dungeon Overview and Level Annotations

Branches:
Dungeon (1/1)

Altars:


Innate Abilities, Weirdness & Mutations

You are resistant to torment.
Your stone body is resilient. (AC +4)
You are immune to poison.
You resist negative energy. (rN+)
You are resistant to electric shocks. (rElec)
You can survive without breathing.
You are immune to petrification.
You are immune to rotting.
You often lose your temper in combat.
You are dopey. (Int -2)
You are frail. (-10% HP)
Your magical capacity is low. (-10% MP)
Your spells are a little easier to cast, but a little less powerful.


Message History

Strange energies course through your body.
You feel a little pissed off. The neqoxec gestures at you.
Strange energies course through your body.
The neqoxec hits you!
There is an open door here.
You take 10 damage, and have 63/76 hp.
You hit the neqoxec. The neqoxec gestures at you.
You feel dopey. Something feeds on your intellect! The neqoxec misses you.
The neqoxec gestures at you.
Something tries to feed on your intellect!
You sock the neqoxec! You bludgeon the neqoxec!!
You kill the neqoxec!
Trog accepts your kill.
The white imp disappears in a puff of smoke!
The shadow imp disappears in a puff of smoke!
You feel your intelligence returning.
Your Armour skill increases to level 9!
The neqoxec gestures at you.
Strange energies course through your body.
You feel angry. The neqoxec barely misses you.
You sock the neqoxec! The neqoxec barely misses you.
The neqoxec hits you but does no damage.
You sock the neqoxec!
You are no longer berserk.
You are exhausted.
You feel yourself slow down.
You now have 42/51 hp.
You hit the neqoxec but do no damage. The neqoxec misses you.
The neqoxec closely misses you.
The neqoxec hits you but does no damage.
The neqoxec misses you.
You barely miss the neqoxec. The neqoxec gestures at you.
Strange energies course through your body.
You feel less energetic.
The neqoxec gestures.
You now have 6/6 mp.
You hit the neqoxec.
The neqoxec gestures.
The neqoxec gestures at you.
Strange energies course through your body.
You feel frail. The neqoxec misses you. The iron imp barely misses you.
The neqoxec gestures at you.
Something tries to feed on your intellect!
You closely miss the neqoxec. The neqoxec closely misses you.
The neqoxec barely misses you. The shadow imp barely misses you.
The iron imp barely misses you.
You barely miss the neqoxec. The neqoxec closely misses you.
The shadow imp barely misses you. The neqoxec hits you.
The iron imp closely misses you.
You take 4 damage, and have 39/45 hp.
You closely miss the neqoxec. The neqoxec hits you!
The neqoxec hits you but does no damage.
The shadow imp hits you but does no damage.
The iron imp barely misses you. The neqoxec barely misses you.
The neqoxec gestures at you.
Strange energies course through your body.
Your connection to magic feels subdued.
The shadow imp misses you.
You take 7 damage, and have 32/45 hp.
You closely miss the neqoxec.
The neqoxec hits you but does no damage.
The shadow imp hits you. The neqoxec misses you.
The iron imp puffs mist at you. The iron imp completely misses you.
You take 5 damage, and have 27/45 hp.
You hit the neqoxec but do no damage. The neqoxec gestures at you.
Something tries to feed on your intellect!
The shadow imp closely misses you. The neqoxec misses you.
The iron imp completely misses you. The shadow imp closely misses you.
The neqoxec hits you. The neqoxec gestures at you.
Strange energies course through your body.
You feel stupid.
You take 6 damage, and have 21/45 hp.
You barely miss the neqoxec. The iron imp closely misses you.
The neqoxec gestures at you.
Strange energies course through your body.
The shadow imp hits you but does no damage.
The neqoxec gestures.
You barely miss the neqoxec. The neqoxec completely misses you.
The shadow imp hits you. The neqoxec barely misses you.
The iron imp barely misses you.
You take 3 damage, and have 18/45 hp.
You barely miss the neqoxec. The neqoxec hits you.
* * * LOW HITPOINT WARNING * * *
The shadow imp hits you but does no damage.
The neqoxec hits you!
* * * LOW HITPOINT WARNING * * *
The iron imp misses you. The shadow imp hits you.
* * * LOW HITPOINT WARNING * * *
The neqoxec hits you but does no damage.
The neqoxec hits you!
You die...

#+#
###.###
#..#..#
####.#.##
##.###'##
#...##.##
#)'.<.+
#...##5##
##.###@#
## #533#
#.5##5#
### ##


You could see 2 neqoxecs, an iron imp, a quasit, a shadow imp and an ufetubus.

Vanquished Creatures
  A merfolk siren (D)
  2 neqoxecs (D)
  4 worker ants (D)
7 creatures vanquished.

Vanquished Creatures (others)
  A crocodile (D)
1 creature vanquished.

Grand Total: 8 creatures vanquished

Notes
Turn   | Place    | Note
-------+----------+-------------------------------------------
     0 | D        | esc the Gargoyle Berserker began the quest for the Orb.
     0 | D        | Reached XP level 1. HP: 14/14 MP: 1/1
     1 | D        | Noticed a worker ant
     1 | D        | Noticed a worker ant
     1 | D        | Noticed a worker ant
     1 | D        | Noticed a worker ant
     8 | D        | Killed a worker ant
     8 | D        | Reached skill level 4 in Fighting
     8 | D        | Reached skill level 4 in Maces & Flails
     8 | D        | Reached skill level 3 in Armour
     8 | D        | Reached skill level 2 in Dodging
     8 | D        | Reached XP level 2. HP: 20/20 MP: 2/2
    11 | D        | Reached skill level 5 in Fighting
    11 | D        | Reached skill level 4 in Armour
    11 | D        | Reached skill level 3 in Dodging
    11 | D        | Reached XP level 3. HP: 26/26 MP: 3/3
    12 | D        | Reached ** piety under Trog
    12 | D        | Reached XP level 4. HP: 31/31 MP: 4/4
    15 | D        | Reached skill level 5 in Maces & Flails
    15 | D        | Reached skill level 5 in Armour
    35 | D        | Killed a crocodile
    56 | D        | Noticed a merfolk siren
    67 | D        | Killed a merfolk siren
    67 | D        | Reached *** piety under Trog
    67 | D        | Reached skill level 8 in Fighting
    67 | D        | Reached skill level 7 in Maces & Flails
    67 | D        | Reached skill level 8 in Armour
    67 | D        | Reached skill level 6 in Dodging
    67 | D        | Reached XP level 5. HP: 40/40 MP: 5/5
    67 | D        | Reached XP level 6. HP: 45/45 MP: 6/6
    67 | D        | Reached XP level 7. HP: 50/50 MP: 7/7
   149 | D        | Noticed a neqoxec
   149 | D        | Noticed a neqoxec
   149 | D        | Noticed a neqoxec
   149 | D        | Noticed a neqoxec
   158 | D        | Killed a neqoxec
   158 | D        | Reached skill level 9 in Fighting
   158 | D        | Reached skill level 8 in Maces & Flails
   159 | D        | Gained mutation: You tend to lose your temper in combat. [a neqoxec]
   162 | D        | Killed a neqoxec
   162 | D        | Reached skill level 9 in Armour
   162 | D        | Gained mutation: You often lose your temper in combat. [a neqoxec]
   166 | D        | Gained mutation: Your magical capacity is low. (-10% MP) [a neqoxec]
   167 | D        | Gained mutation: You are frail. (-10% HP) [a neqoxec]
   170 | D        | Gained mutation: Your spells are a little easier to cast, but a little less powerful. [a neqoxec]
   172 | D        | Gained mutation: You are dopey. (Int -2) [a neqoxec]
   175 | D        | HP: 2/45 [neqoxec (11)]
   175 | D        | Mangled by a neqoxec

Vault maps used:
D:        the_violet_keep_of_menkaure

Skill      XL: |  1  2  3  4  5  6  7 |
---------------+----------------------+-----
Fighting       | 4 5 8 9 |  9.5
Maces & Flails | 4 7 8 |  8.7
Armour         | 3 4 8 9 |  9.2
Dodging        | 2 3 6 |  6.9

Action                   |  1- 3 |  4- 6 |  7- 9 || total
-------------------------+-------+-------+-------++-------
Melee: Mace              |    10 |    12 |    24 ||    46
Invok: Berserk           |     1 |     1 |     1 ||     3
Armor: Animal skin       |     1 |     1 |     8 ||    10
Dodge: Dodged            |     4 |     5 |    31 ||    40

Vault maps used:
D:        the_violet_keep_of_menkaure

Table legend:
 A = Turns spent in this place as a percentage of turns spent in the entire game.
 B = Non-inter-level travel turns spent in this place as a percentage of non-inter-level travel turns spent in the entire game.
 C = Inter-level travel turns spent in this place as a percentage of turns spent in this place.
 D = Turns resting spent in this place as a percentage of non-inter-level travel turns spent in this place.
 E = Turns spent auto-exploring this place as a percentage of non-inter-level travel turns spent in this place.
 F = Non-inter-level travel turns spent in this place divided by the number of levels of this place that you've seen.
                   A       B       C       D       E      F
               +-------+-------+-------+-------+-------+----------------------
         Total | 100.0 | 100.0 |   0.0 |   8.9 |   0.0 |  79.0
       Dungeon | 100.0 | 100.0 |   0.0 |   8.9 |   0.0 |  79.0
               +-------+-------+-------+-------+-------+----------------------

Table legend:
 A = Kills in this place as a percentage of kills in entire the game.
 B = Kills by you in this place as a percentage of kills by you in the entire game.
 C = Kills by friends in this place as a percentage of kills by friends in the entire game.
 D = Other kills in this place as a percentage of other kills in the entire game.
 E = Experience gained in this place as a percentage of experience gained in the entire game.
 F = Experience gained in this place divided by the number of levels of this place that you have seen.
                   A       B       C       D       E      F
               +-------+-------+-------+-------+-------+----------------------
         Total | 100.0 | 100.0 |  -nan |  -nan | 100.0 | 988.0
       Dungeon | 100.0 | 100.0 |  -nan |  -nan | 100.0 | 988.0
               +-------+-------+-------+-------+-------+----------------------
